 Dungeon Crawl Stone Soup version 0.28-a0-1387-g3a22ab9bdc (webtiles) character file.

Game seed: 17727553431662279866

46 Deminshera the Sneak (level 3, 0/19 (22) HPs)
             Began as a Kobold Brigand on Jan 1, 2022.
             Killed by divine providence
             ... invoked by an orc priest
              (9 damage)
             ... on level 3 of the Dungeon.
             The game lasted 00:01:24 (2253 turns).

Deminshera the Sneak (Kobold Brigand)               Turns: 2253, Time: 00:01:25

HP:   0/19 (22)     AC:  3    Str: 10    XL:     3   Next: 95%
MP:   3/3           EV: 14    Int: 12    God:
Gold: 68            SH:  0    Dex: 16    Spells: 2/2 levels left

rFire   . . .      SeeInvis .   a - +2 dagger
rCold   . . .      Faith    .   (no shield)
rNeg    . . .      Spirit   .   b - +0 robe
rPois   .          Reflect  .   (no helmet)
rElec   .          Harm     .   c - +0 cloak
rCorr   .          Rampage  .   (no gloves)
Will    .....                   (no boots)
Stlth   ++++......              (no amulet)
HPRegen 0.06/turn               (no ring)
MPRegen 0.08/turn               (no ring)

@: heavily drained
A: small, no large weapons, nightstalker 3
a: no special abilities


You were on level 3 of the Dungeon.
You visited 1 branch of the dungeon, and saw 3 of its levels.

You collected 68 gold pieces.

Inventory:

Hand Weapons
 a - a +2 dagger (weapon)
Missiles
 d - 8 poisoned darts (quivered)
 e - 2 curare-tipped darts
Armour
 b - a +0 robe (worn)
 c - a +0 cloak (worn)
Scrolls
 h - 2 scrolls of magic mapping {unknown}
 k - a scroll of enchant weapon {unknown}
 m - 3 scrolls of teleportation {unknown}
 n - a scroll of vulnerability {unknown}
 o - a scroll of identify {unknown}
 p - a scroll of enchant armour {unknown}
Potions
 f - a potion of invisibility {unknown}
 g - 2 potions of lignification {unknown}
 i - a potion of curing {unknown}
 j - a potion of might {unknown}
 l - a potion of degeneration {unknown}


   Skills:
 + Level 2.8 Fighting
 + Level 3.3 Short Blades
 + Level 2.7 Throwing
 + Level 2.1 Dodging
 + Level 5.7 Stealth


You had 2 spell levels left.
You didn't know any spells.
Your spell library contained the following spells:

 Spells                   Type           Power      Damage    Failure   Level
 Beastly Appendage        Tmut           0%         N/A       32%         1
 Shock                    Conj/Air       0%         1d3       32%         1
 Wereblood                Tmut           0%         N/A       45%         2
 Spider Form              Tmut/Pois      0%         N/A       69%         3
 Swiftness                Air            0%         N/A       69%         3
 Airstrike                Air            0%         N/A       97%         4


Dungeon Overview and Level Annotations

Branches:
Dungeon (3/15)

Altars:


Innate Abilities, Weirdness & Mutations

You are small and have problems with some larger weapons.
You are completely attuned to the shadows.


Message History

A bat is nearby!
Found Ozocubu's Autobiography.
The bat misses you.
A bat is nearby!
The bat barely misses you. The bat barely misses you.
An orc wizard comes into view. It is wielding a +0 dagger.
Found 3 scrolls labelled ETWILI KEIDIOH.
The bat barely misses you.
You see here a purple potion.
You hit the bat.
You kill the bat!
Found a stone staircase leading up.
An orc wizard comes into view. It is wielding a +0 dagger.
An orc comes into view. It is wielding a +0 hand axe.
The orc wizard shouts!
The orc shouts!
You hear an angry hiss.
You hear a shout!
You hear an angry hiss.
An orc comes into view. It is wielding a +0 hand axe.
An orc priest comes into view.
It is wielding a +0 flail of protection.
An adder comes into view.
The orc wizard barely misses you.
A hobgoblin comes into view.
The orc shouts!
The hobgoblin shouts!
You hit the orc wizard.
The orc wizard is lightly wounded.
You hear an angry hiss.
The orc wizard hits you but does no damage.
An orc comes into view. It is wielding a +0 hand axe.
The orc hits you but does no damage. The orc wizard casts a spell at you.
You resist with significant effort.
The orc wizard casts a spell.
The orc wizard flickers and vanishes!
Deactivating autopickup; reactivate with Ctrl-A.
The adder bites you.
You see here a purple potion.
The orc wizard points at you and mumbles some strange words.
The magic dart hits you!
The orc priest calls down the wrath of Beogh upon you.
Beogh smites you!
You die...

.........
.........
..<......
..?......
....o....
..gooo{.:..
....o.......
....S......#
....@.....)#
..............
........$....#
.............#
..>..........#
....<........#
.............#
.............#
............##


You could see an orc priest, an orc wizard, an adder, 3 orcs and a hobgoblin.

Vanquished Creatures
  A worm (D:2)
  2 dart slugs
  3 endoplasms
  7 goblins
  4 hobgoblins
  5 kobolds
  A quokka (D:1)
  4 ball pythons
  4 bats
  A frilled lizard (D:1)
  5 rats
37 creatures vanquished.

Notes
Turn   | Place    | Note
-------+----------+-------------------------------------------
     0 | D:1      | Deminshera the Kobold Brigand began the quest for the Orb.
     0 | D:1      | Reached XP level 1. HP: 12/12 MP: 1/1
   233 | D:1      | You fall into a shaft and drop 1 floor!
   241 | D:2      | Reached XP level 2. HP: 12/18 MP: 2/2
   596 | D:1      | Found a faded altar of an unknown god.
   826 | D:1      | Reached XP level 3. HP: 22/22 MP: 3/3
  1315 | D:2      | Identified the +8 chain mail of the Stallion {-Tele rF+++
                  | Int-5 Stlth+}
  2253 | D:3      | Killed from afar by an orc priest

Illustrated notes

Levels and vault maps discovered:
D:1:      minmay_arrival_glassed_features, layout_loops_ring,
          shapermc_ecumenical_altar_petra, minmay_heptomino_l4
D:2:      layout_loops_ring, grunt_decor_resistance, kennysheep_generic_room_10
D:3:      layout_basic, uniq_jessica

Skill      XL: |  1  2  3 |
---------------+----------+-----
Short Blades   | 3 |  3.3
Dodging        | 2 |  2.1
Fighting       | |  2.8
Throwing       | |  2.7
Stealth        | |  5.7

Action                   || total
-------------------------++-------
Melee: Dagger            ||    70
 Stab: Sleeping          ||    21
Armor: Robe              ||     9
Dodge: Dodged            ||    39

Table legend: (Time is in decaauts)
 A = Elapsed time spent in this place.
 B = Non-inter-level travel time spent in this place.
 C = Inter-level travel time spent in this place.
 D = Time resting spent in this place.
 E = Time spent auto-exploring this place.
 F = Levels seen in this place.
 G = Mean time per level.
                   A        B        C        D        E       F      G
               +--------+--------+--------+--------+--------+-----+--------+
         Total |   2242 |   2164 |     78 |    494 |   1457 |   3 |  747.3 |
       Dungeon |   2242 |   2164 |     78 |    494 |   1457 |   3 |  747.3 |
               +--------+--------+--------+--------+--------+-----+--------+

Top non-repeatable levels by time:
     D:2: 1437 daAuts
     D:1: 781 daAuts
     D:3: 23 daAuts
